 Dungeon Crawl Stone Soup version 0.31.0-32-g396128a36d (webtiles) character file.

Game seed: 6426015028409615506

7138 tadhg the Thaumaturge (level 10, -2/50 HPs)
             Began as a Deep Elf Fire Elementalist on Feb 26, 2024.
             Was a Priest of Sif Muna.
             Slain by an unseen horror (8 damage)
             ... on level 10 of the Dungeon on Mar 29, 2024.
             The game lasted 00:25:11 (12950 turns).

tadhg the Thaumaturge (Deep Elf Fire Elementalist) Turns: 12950, Time: 00:25:11

Health: -2/50      AC:  6    Str:  5    XL:     10   Next: 85%
Magic:  23/29      EV: 12    Int: 25    God:    Sif Muna [***...]
Gold:   1003       SH:  0    Dex: 15    Spells: 17/35 levels left

rFire   . . .        d - +1 short sword
rCold   . . .        (no shield)
rNeg    . . .        C - +0 steam dragon scales
rPois   +            (no helmet)
rElec   .            (no cloak)
rCorr   .            o - +0 pair of gloves
SInv    .            (no boots)
Will    +....        (no amulet)
Stlth   ++           q - ring of poison resistance
HPRegen 0.28/turn    w - ring of flight
MPRegen 0.21/turn

%: no passive effects
@: flying, studying Hexes
A: no striking features
a: Renounce Religion, Channel Magic, Forget Spell


You were on level 10 of the Dungeon.
You worshipped Sif Muna.
Sif Muna was most pleased with you.
You visited 2 branches of the dungeon, and saw 11 of its levels.
You also visited: Bailey.

You collected 1003 gold pieces.

Inventory:

Hand Weapons
 d - a +1 short sword (weapon)
Missiles
 y - a throwing net
Armour
 a - a +0 robe
 o - a +0 pair of gloves (worn)
 C - +0 steam dragon scales (worn)
Jewellery
 g - an amulet of faith
 q - a ring of poison resistance (left hand)
 r - an amulet of guardian spirit
 w - a ring of flight (right hand)
Talismans
 p - a serpent talisman
Wands
 s - a wand of iceblast (3)
 z - a wand of paralysis (11)
Scrolls
 c - a scroll of enchant weapon
 e - 2 scrolls of teleportation
 m - 2 scrolls of vulnerability {unknown}
 t - a scroll of brand weapon {unknown}
 v - 3 scrolls of poison
 A - a scroll of fog {unknown}
 B - a scroll of immolation {unknown}
 D - 3 scrolls of amnesia
 E - a scroll of identify
Potions
 b - 3 potions of magic
 f - 2 potions of haste
 h - 2 potions of degeneration
 i - a potion of mutation
 j - 4 potions of might
 k - a potion of resistance
 l - a potion of curing
 n - a potion of brilliance {unknown}
 u - a potion of lignification {unknown}
 x - 7 potions of enlightenment
 F - a potion of attraction {unknown}


   Skills:
 - Level 2.4 Dodging
 - Level 2.4 Stealth
 + Level 13.2 Spellcasting
 - Level 9.3 Conjurations
 - Level 4.6 Hexes
 + Level 11.2 Fire Magic


You had 17 spell levels left.
You knew the following spells:

 Your Spells              Type           Power      Damage    Failure   Level
a - Foxfire               Conj/Fire      100%       2x1d9     1%          1
b - Scorch                Fire           100%       2d9       1%          2
c - Inner Flame           Hex/Fire       54%        N/A       1%          3
d - Volatile Blastmotes   Fire/Tloc      88%        2d17      1%          3
e - Flame Wave            Conj/Fire      62%        2d14      1%          4
f - Fireball              Conj/Fire      31%        3d13      1%          5

Your spell library contained the following spells:

 Spells                   Type           Power      Damage    Failure   Level
 Stone Arrow              Conj/Erth      78%        3d11      1%          3
 Sandblast                Erth           32%        2d9       3%          1
 Ignite Poison            Fire/Alch      44%        N/A       3%          4
 Sticky Flame             Fire/Alch      44%        2d8       3%          4
 Cause Fear               Hex            20%        N/A       4%          4
 Brom's Barrelling Bould  Conj/Erth      39%        2d6       5%          4
 Passwall                 Erth           16%        N/A       11%         3
 Animate Dead             Necr           16%        N/A       34%         4
 Borgnjor's Vile Clutch   Necr/Erth      8%         N/A       69%         5
 Ignition                 Fire           32%        3d10      93%         8
 Death Channel            Necr           8%         N/A       99%         6
 Dragon's Call            Summ           8%         N/A       100%        9


Dungeon Overview and Level Annotations

Branches:
Dungeon (10/15)            Temple (1/1) D:4            Lair (0/5) D:10
 Bailey (visited)
    Orc: D:9-12

Altars:
Ashenzari
Dithmenos
Elyvilon
Fedhas
Gozag
Hepliaklqana
Kikubaaqudgha
Makhleb
Nemelex Xobeh
Okawaru
Qazlal
Ru
Sif Muna
Trog
Uskayaw
Vehumet
Xom
Yredelemnul
The Shining One


Message History

You kill the centaur!
Sif Muna accepts your kill.
Casting: Foxfire (safe; 1% risk of failure)
Confirm with . or Enter, or press ? or * to list all spells.
You can't see any susceptible monsters within range! (Use Z to cast anyway.)
Things that are here:
a +0 orcbow; a centaur corpse You reach down and open the large door.
A killer bee and an electric eel come into view.
There is a large open door here.
There is a large open door here.
The fireball explodes!
Sif Muna accepts your kill.
You hear a splash.
You feel a bit more experienced.
The fireball explodes!
The fireball engulfs the killer bee!
You kill the killer bee!
Sif Muna accepts your kill. Something hits you.
Deactivating autopickup; reactivate with Ctrl-A.
Something hits you! Something hits you. Something hits you.
Something hits you but does no damage.
You start resting.
Something hits you but does no damage.
Casting: Fireball (dangerous; 1% risk of failure)
Confirm with . or Enter, or press ? or * to list all spells.
You conjure some foxfire!
Something hits you!
You closely miss something.
The foxfire hits something but does no damage.
Something hits you.
The foxfire hits something.
Something hits you. Something hits you but does no damage.
Casting: Foxfire (safe; 1% risk of failure)
Confirm with . or Enter, or press ? or * to list all spells.
You conjure some foxfire!
Something hits you.
* * * LOW HITPOINT WARNING * * *
Something hits you!
* * * LOW HITPOINT WARNING * * *
Something barely misses you.
You hit something but do no damage. Something hits you but does no damage.
Something hits you!
You die...

≈.≈≈≈≈....≈≈≈≈.≈
≈.≈≈≈≈....≈≈≈≈.≈
≈..≈≈..$...≈≈..≈
≈..............≈
≈≈≈≈≈≈≈..≈≈≈≈≈≈≈ #''#
#..# #########.## '.
#.>.......§v@{#
..#+#..########§########
......# #..........#
#....# #.#.######.#
#....######'#.#
#.............#
#.............#
###.............#
..'....###....#.#


There were no monsters in sight!

Vanquished Creatures
  An ugly thing (D:6)
  Joseph (D:7)
  Jeremiah (D:6)
  2 hornets
  2 wyverns (D:9)
  5 yaks (D:8)
  A steam dragon (D:8)
  A water moccasin (D:7)
  2 ice beasts (D:6)
  3 ogres
  7 orc warriors
  A sky beast (D:7)
  2 black bears
  5 centaurs
  A phantom (D:6)
  2 kobold brigands
  A gnoll sergeant (D:7)
  6 bullfrogs
  4 scorpions
  4 wights
  4 killer bees
  6 howler monkeys
  An electric eel (D:10)
  6 hounds
  2 jellies
  A bombardier beetle (D:4)
  7 orc priests
  A sleepcap (D:4)
  5 iguanas
  Terence (D:3)
  10 orc wizards
  4 adders
  11 gnolls
  A shadow imp (D:6)
  A white imp (D:6)
  2 ufetubi (D:5)
  3 dart slugs
  2 ribbon worms
  34 orcs
  6 endoplasms
  2 giant cockroaches
  15 goblins
  10 hobgoblins
  10 jackals
  2 quokkas
  3 ball pythons
  5 bats
  5 frilled lizards
  25 kobolds
  4 rats
241 creatures vanquished.

Vanquished Creatures (collateral kills)
  3 foxfires (D:5)
3 creatures vanquished.

Vanquished Creatures (others)
  638 foxfires
638 creatures vanquished.

Grand Total: 882 creatures vanquished

Notes
Turn   | Place    | Note
-------+----------+-------------------------------------------
     0 | D:1      | tadhg the Deep Elf Fire Elementalist began the quest for
                  | the Orb.
     0 | D:1      | Reached XP level 1. HP: 10/10 MP: 6/6
   173 | D:1      | Reached skill level 1 in Hexes
   279 | D:1      | Reached XP level 2. HP: 15/15 MP: 6/8
   282 | D:1      | Learned a level 2 spell: Scorch
   904 | D:1      | Reached XP level 3. HP: 18/19 MP: 2/10
  1411 | D:2      | Identified the +2 mace "Hofeeg" {elec, *Noise rElec Dex+8
                  | Stlth-}
  1477 | D:2      | Found a faded altar of an unknown god.
  1648 | D:2      | Reached skill level 4 in Spellcasting
  2243 | D:3      | Reached XP level 4. HP: 14/24 MP: 1/12
  2369 | D:3      | Found a hide-covered altar of Uskayaw.
  2771 | D:3      | Noticed Terence
  2780 | D:3      | Killed Terence
  2880 | D:3      | Learned a level 3 spell: Inner Flame
  3330 | D:4      | Reached XP level 5. HP: 24/28 MP: 4/14
  3554 | D:4      | Reached skill level 5 in Spellcasting
  3865 | D:4      | Noticed an ogre
  3878 | D:4      | Killed an ogre
  3879 | D:4      | Reached skill level 5 in Fire Magic
  3879 | D:4      | Reached XP level 6. HP: 11/32 MP: 4/16
  4119 | D:4      | Found a staircase to the Ecumenical Temple.
  4129 | Temple   | Entered the Ecumenical Temple
  4163 | D:4      | Reached skill level 6 in Spellcasting
  4752 | D:5      | Entered Level 5 of the Dungeon
  4778 | D:5      | Reached XP level 7. HP: 36/36 MP: 12/18
  5077 | D:5      | Reached skill level 7 in Spellcasting
  5976 | D:6      | Found a bloodstained altar of Trog.
  5980 | D:6      | Found a shimmering blue altar of Sif Muna.
  5988 | D:6      | Became a worshipper of Sif Muna the Loreminder
  6226 | D:6      | Noticed a green ugly thing
  6233 | D:6      | Killed a green ugly thing
  6234 | D:6      | Reached skill level 8 in Spellcasting
  6234 | D:6      | Reached XP level 8. HP: 28/41 MP: 14/22
  6250 | D:6      | Reached skill level 5 in Conjurations
  6429 | D:6      | Identified the +3 leather armour of Ravioli {^Contam Harm
                  | Rampage Dex+4}
  6546 | D:6      | Reached skill level 9 in Spellcasting
  6923 | D:6      | Reached * piety under Sif Muna
  6968 | D:6      | Learned a level 3 spell: Volatile Blastmotes
  6973 | D:6      | Learned a level 4 spell: Flame Wave
  7018 | D:6      | Reached XP level 9. HP: 39/45 MP: 15/24
  7346 | D:6      | Noticed Jeremiah
  7353 | D:6      | Killed Jeremiah
  7655 | D:6      | Reached skill level 10 in Spellcasting
  8713 | D:7      | Noticed Joseph
  8722 | D:7      | Killed Joseph
  8723 | D:7      | Reached skill level 11 in Spellcasting
  9242 | D:8      | Reached XP level 10. HP: 15/50 MP: 17/27
  9780 | D:8      | Reached skill level 10 in Fire Magic
 10026 | D:8      | Reached skill level 12 in Spellcasting
 10385 | D:9      | Reached ** piety under Sif Muna
 10425 | D:9      | Found a flagged portal.
 10461 | Bailey   | Entered a bailey
 11084 | D:9      | Paralysed by a hornet for 1 turns
 11102 | D:9      | HP: 2/50 [wyvern (16)]
 11353 | D:8      | Upgraded the game from 0.31.0-12-g77e489cdc1 to
                  | 0.31.0-32-g396128a36d
 11359 | D:8      | Learned a level 5 spell: Fireball
 11393 | D:9      | Found a broken altar of Ashenzari.
 11396 | D:9      | Found a radiant altar of Vehumet.
 11402 | D:9      | Found a blossoming altar of Fedhas.
 11405 | D:9      | Found a sparkling altar of Nemelex Xobeh.
 11407 | D:9      | Found an ancient bone altar of Kikubaaqudgha.
 11469 | D:9      | Found a shadowy altar of Dithmenos.
 11762 | D:9      | Reached *** piety under Sif Muna
 11928 | D:9      | Reached skill level 13 in Spellcasting
 12333 | D:10     | Entered Level 10 of the Dungeon
 12582 | D:10     | Found a stormy altar of Qazlal.
 12774 | D:10     | Found a staircase to the Lair.
 12950 | D:10     | Slain by an unseen horror

Illustrated notes

Levels and vault maps discovered:
D:1:      mrwooster_arrival_statue_3, layout_basic
D:2:      layout_loops_ring, basic_ecumenical_altar
D:3:      layout_loops_corners, nicolae_overflow_crystal_walls,
          nicolae_concentric_dashed_squares_mild, uniq_terence
D:4:      layout_loops_corners, minmay_temple_entry_ruins
D:5:      layout_rooms, serial_bayou, serial_bayou_pond_b, serial_bayou_shore_a,
          serial_bayou_lagoon_a, serial_bayou_pond_e
D:6:      minmay_opposing_rooms, layout_layer_cave,
          hellmonk_overflow_destroyed_library, minmay_manual_maat, uniq_jeremiah
D:7:      layout_cave_pods, uniq_joseph
D:8:      layout_basic, chequers_avenue
D:9:      layout_stronghold, nicolae_overflow_hallway_of_the_gods,
          enter_bailey_3
D:10:     layout_basic, mainiacjoe_overflow_surrounded_room, minitemple,
          lair_entry_dummy, erik_orc_1, kennysheep_dice
Temple:   compressed_dpeg_triangle_lava_temple

Skill      XL: |  1  2  3  4  5  6  7  8  9 10 |
---------------+-------------------------------+-----
Hexes          | 1 2 3 4 |  4.6
Spellcasting   | 4 5 6 8 9 11 13 | 13.2
Fire Magic     | 4 5 7 8 9 11 | 11.2
Conjurations   | 2 4 6 8 9 |  9.3
Dodging        | |  2.4
Stealth        | |  2.4

Action                     |  1- 3 |  4- 6 |  7- 9 | 10-12 || total
---------------------------+-------+-------+-------+-------++-------
  Melee: Short sword       |     6 |       |       |     2 ||     8
   Cast: Foxfire           |    50 |    56 |   147 |   118 ||   371
         Scorch            |    28 |    33 |    50 |    24 ||   135
         Inner Flame       |       |     2 |    21 |    22 ||    45
         Flame Wave        |       |       |     1 |     3 ||     4
         Volatile Blastmot |       |       |       |     8 ||     8
         Fireball          |       |       |       |     5 ||     5
    Use: Scroll            |     6 |       |     3 |     4 ||    13
   Stab: Sleeping          |     1 |       |       |       ||     1
 Armour: Robe              |     9 |    11 |    20 |     3 ||    43
         Steam dragon scal |       |       |       |    47 ||    47
  Dodge: Dodged            |    23 |     7 |    16 |    21 ||    67
